 Dungeon Crawl Stone Soup version 0.32-a0-350-g4f4d228785 (webtiles) character file.

Game seed: 13957805400848227360

526 pokeman the Magician (level 7, 0/40 HPs)
             Began as a Deep Elf Hedge Wizard on Feb 17, 2024.
             Slain by a jackal (1 damage)
             ... on level 5 of the Dungeon.
             The game lasted 00:07:17 (5365 turns).

pokeman the Magician (Deep Elf Hedge Wizard)        Turns: 5365, Time: 00:07:18

Health: 0/40       AC:  2    Str: 10 (11) XL:     7   Next: 2%
Magic:  16/20      EV: 12    Int: 18 (20) God:
Gold:   231        SH:  0    Dex: 10 (13) Spells: 13/21 levels left

rFire   . . .        o - +1 hand axe (flame)
rCold   + . .        (no shield)
rNeg    . . .        b - +0 robe
rPois   .            c - +0 hat
rElec   .            (no cloak)
rCorr   .            (no gloves)
SInv    .            (no boots)
Will    .....        (no amulet)
Stlth   ++           l - ring of protection from cold
HPRegen 0.26/turn    (no ring)
MPRegen 0.17/turn

%: no passive effects
@: brilliant, lethally poisoned (0 -> -4), invisible
A: screaming 1, strong 1
a: no special abilities


You were on level 5 of the Dungeon.
You visited 1 branch of the dungeon, and saw 5 of its levels.

You collected 231 gold pieces.

Inventory:

Hand Weapons
 o - a +1 hand axe of flaming (weapon)
Armour
 b - a +0 robe (worn)
 c - a +0 hat (worn)
 t - the +5 ring mail of the Harvest {rPois}
   (You found it on level 4 of the Dungeon)

   rPois:     It protects you from poison
Jewellery
 l - a ring of protection from cold (left hand)
Wands
 r - a wand of polymorph (14)
Scrolls
 e - 2 scrolls of teleportation {unknown}
 f - 4 scrolls of vulnerability {unknown}
 i - 2 scrolls of enchant weapon {unknown}
 j - 3 scrolls of identify {unknown}
 m - 3 scrolls of revelation {unknown}
 n - a scroll of poison {unknown}
 q - a scroll of fear {unknown}
 u - a scroll of enchant armour {unknown}
Potions
 d - a potion of magic
 k - a potion of mutation
 p - 2 potions of curing {unknown}
 s - a potion of heal wounds {unknown}
 v - a potion of berserk rage {unknown}


   Skills:
 - Level 2.0 Fighting
 + Level 1.0 Armour
 - Level 3.1 Dodging
 - Level 3.0 Stealth
 * Level 7.7 Spellcasting
 + Level 3.6 Conjurations
 - Level 1.1 Summonings
 - Level 1.1 Translocations
 - Level 1.1 Air Magic
 - Level 1.0 Alchemy
 - Level 1.2 Evocations


You had 13 spell levels left.
You knew the following spells:

 Your Spells              Type           Power      Damage    Failure   Level
a - Magic Dart            Conj           100%       1d8       2%          1
b - Mephitic Cloud        Conj/Alch/Air  20%        N/A       14%         3
c - Call Imp              Summ           32%        N/A       10%         2
d - Blink                 Tloc           32%        N/A       10%         2

Your spell library contained the following spells:

 Spells                   Type           Power      Damage    Failure   Level
 Freeze                   Ice            40%        1d6       10%         1
 Slow                     Hex            40%        N/A       10%         1
 Cigotuvi's Dreadful Rot  Necr/Alch/Air  28%        N/A       12%         2
 Conjure Ball Lightning   Conj/Air       11%        3x3d6     99%         6
 Discord                  Hex            5%         N/A       100%        8
 Disjunction              Tloc           8%         N/A       100%        8


Dungeon Overview and Level Annotations

Branches:
Dungeon (5/15)
 Temple: D:4-7

Altars:
Kikubaaqudgha
Sif Muna
Trog
Wu Jian
The Shining One


Innate Abilities, Weirdness & Mutations

You occasionally shout uncontrollably at your foes.
Your muscles are strong. (Str +4, Int/Dex -1)


Message History

The scorpion stings you.
You are more poisoned.
The scorpion poisons you! The scorpion stings you.
You are lethally poisoned!
The scorpion poisons you!
You barely miss the scorpion.
The scorpion is heavily wounded.
You feel extremely sick.
You barely miss the scorpion.
The scorpion is heavily wounded.
You hit the jackal. You burn the jackal.
* * * LOW HITPOINT WARNING * * *
You feel very sick. The jackal closely misses you. The jackal bites you.
* * * LOW HITPOINT WARNING * * *
A jackal comes into view.
Unknown command.
It was a potion of invisibility.
You fade into invisibility!
* * * LOW HITPOINT WARNING * * *
You feel very sick. The jackal closely misses you. The scorpion misses you.
Okay, then.
It was a potion of degeneration.
There was something very wrong with that liquid.
You feel weakened.
You feel dopey.
You feel clumsy.
* * * LOW HITPOINT WARNING * * *
You feel very sick.
The jackal bites you but does no damage.
The jackal barely misses you.
It was a potion of brilliance.
You feel clever all of a sudden.
* * * LOW HITPOINT WARNING * * *
You feel sick. The jackal barely misses you.
It was a potion of mutation.
You feel extremely strange.
You feel the urge to shout.
You feel stronger.
* * * LOW HITPOINT WARNING * * *
You feel sick. The jackal misses you. The scorpion barely misses you.
The jackal bites you.
You die...

#...........
.###########...........
...............#######
..####........# ○
###...###### #○#....##
#.#.##.# #.s....#
##.@#### .......h#
#.#####.# #.# #.. ###


You could see a scorpion (confused, unable to see you) and a jackal (unable to
see you).

Vanquished Creatures
  A scorpion (D:4)
  An orc priest (D:3)
  3 bombardier beetles
  A jelly (D:4)
  Terence (D:3)
  An iguana (D:3)
  2 orc wizards (D:4)
  5 adders (D:2)
  A shadow imp (D:5)
  A ribbon worm (D:3)
  3 dart slugs
  11 orcs (D:3)
  An endoplasm (D:1)
  2 giant cockroaches
  10 goblins
  8 hobgoblins
  4 kobolds (D:1)
  4 quokkas
  10 ball pythons
  4 bats
  2 frilled lizards
  6 rats
82 creatures vanquished.

Vanquished Creatures (collateral kills)
  An orc (D:3)
  A rat (D:3)
2 creatures vanquished.

Grand Total: 84 creatures vanquished

Notes
Turn   | Place    | Note
-------+----------+-------------------------------------------
     0 | D:1      | pokeman the Deep Elf Hedge Wizard began the quest for the
                  | Orb.
     0 | D:1      | Reached XP level 1. HP: 10/10 MP: 7/7
   171 | D:1      | Reached XP level 2. HP: 16/16 MP: 5/9
   615 | D:1      | Reached skill level 5 in Spellcasting
   899 | D:1      | Reached XP level 3. HP: 20/20 MP: 9/11
   903 | D:1      | Learned a level 3 spell: Mephitic Cloud
   906 | D:1      | Learned a level 2 spell: Call Imp
   909 | D:1      | Learned a level 2 spell: Blink
  1038 | D:1      | Found a faded altar of an unknown god.
  1245 | D:1      | Reached skill level 1 in Armour
  1455 | D:2      | Reached skill level 1 in Fighting
  1627 | D:2      | Reached XP level 4. HP: 18/25 MP: 6/13
  2497 | D:3      | Noticed Terence
  2520 | D:3      | Killed Terence
  2521 | D:3      | Reached skill level 6 in Spellcasting
  2521 | D:3      | Reached XP level 5. HP: 6/29 MP: 5/15
  3063 | D:3      | Found an ornate altar of the Wu Jian Council.
  3442 | D:3      | Reached skill level 1 in Air Magic
  3442 | D:3      | Reached skill level 1 in Alchemy
  3650 | D:3      | Found an ancient bone altar of Kikubaaqudgha.
  3650 | D:3      | Found a glowing golden altar of the Shining One.
  3650 | D:3      | Found a bloodstained altar of Trog.
  3719 | D:3      | Reached XP level 6. HP: 34/34 MP: 14/17
  4511 | D:4      | Reached skill level 7 in Spellcasting
  4604 | D:4      | Reached skill level 1 in Evocations
  4657 | D:4      | Identified the +5 ring mail of the Harvest {rPois}
  4683 | D:4      | Found a shimmering blue altar of Sif Muna.
  4731 | D:4      | Got Sif Muna's Vellum of the Crevasse
  5158 | D:5      | Entered Level 5 of the Dungeon
  5175 | D:5      | Reached XP level 7. HP: 37/40 MP: 14/20
  5365 | D:5      | Gained mutation: You occasionally shout uncontrollably at
                  | your foes. [potion of mutation]
  5365 | D:5      | Gained mutation: Your muscles are strong. (Str +4, Int/Dex
                  | -1) [potion of mutation]
  5365 | D:5      | HP: 1/40 [poisoned by a scorpion]
  5365 | D:5      | Slain by a jackal

Illustrated notes

Levels and vault maps discovered:
D:1:      heliophobic_arrival_glass_houses, layout_basic,
          shapermc_ecumenical_altar_ellora, minivault_4, st_stairs_6
D:2:      layout_loops_cross
D:3:      layout_loops_corners, nicolae_wu_jian_wuxing_cycle,
          gammafunk_temple_overflow_claw, bh_walls_and_bars, uniq_terence
D:4:      layout_basic, led_sif_book
D:5:      layout_basic, minmay_temple_entry_waves

Skill      XL: |  1  2  3  4  5  6 |
---------------+-------------------+-----
Spellcasting   | 5 6 7 |  7.7
Armour         | 1 |  1.0
Fighting       | 1 2 |  2.0
Conjurations   | 2 3 |  3.6
Dodging        | 3 |  3.1
Stealth        | 3 |  3.0
Air Magic      | 1 |  1.1
Alchemy        | 1 |  1.0
Evocations     | 1 |  1.2
Summonings     | |  1.1
Translocations | |  1.1

Action                     |  1- 3 |  4- 6 |  7- 9 || total
---------------------------+-------+-------+-------++-------
  Melee: Dagger            |     2 |    26 |       ||    28
         Hand axe          |       |    25 |     4 ||    29
   Cast: Magic Dart        |    77 |   118 |     7 ||   202
         Mephitic Cloud    |       |    13 |     1 ||    14
         Call Imp          |       |     3 |       ||     3
         Blink             |       |     2 |       ||     2
    Use: Potion            |       |       |     4 ||     4
   Stab: Confused          |       |     4 |       ||     4
 Armour: Robe              |    16 |    20 |     6 ||    42
  Dodge: Dodged            |     9 |    36 |     7 ||    52

Table legend: (Time is in decaauts)
 A = Elapsed time spent in this place.
 B = Non-inter-level travel time spent in this place.
 C = Inter-level travel time spent in this place.
 D = Time resting spent in this place.
 E = Time spent auto-exploring this place.
 F = Levels seen in this place.
 G = Mean time per level.
                   A        B        C        D        E       F      G
               +--------+--------+--------+--------+--------+-----+--------+
         Total |   5373 |   5287 |     86 |    263 |   4472 |   5 | 1074.6 |
       Dungeon |   5373 |   5287 |     86 |    263 |   4472 |   5 | 1074.6 |
               +--------+--------+--------+--------+--------+-----+--------+

Top non-repeatable levels by time:
     D:3: 1596 daAuts
     D:1: 1511 daAuts
     D:4: 1070 daAuts
     D:2: 986 daAuts
     D:5: 209 daAuts
